 Dungeon Crawl Stone Soup version 0.25.1-1-g288607f (webtiles) character file.

Game seed: 14895447709585934657

1090 RonnieColeman the Magician (level 8, -6/46 HPs)
             Began as an Octopode Conjurer on Aug 19, 2020.
             Mangled by a hornet zombie (11 damage)
             ... on level 6 of the Dungeon.
             The game lasted 00:16:49 (6897 turns).

RonnieColeman the Magician (Octopode Conjurer)      Turns: 6897, Time: 00:16:50

Health: -6/46      AC:  3    Str:  3    XL:     8   Next: 31%
Magic:  19/19      EV: 17    Int: 20    God:
Gold:   223        SH:  0    Dex: 12    Spells: 18/21 levels left

rFire    . . .     SeeInvis .   o - +1 trident (freeze)
rCold    . . .     Gourm    .   (no shield)
rNeg     . . .     Faith    .   m - +2 hat
rPois    .         Spirit   .   (no amulet)
rElec    .         Reflect  .   e - +4 ring of evasion
rCorr    .         Harm     .   l - -4 ring of strength (curse)
MR       .....                  (no ring)
Stlth    +++.......             (no ring)
HPRegen  0.15/turn              (no ring)
MPRegen  0.16/turn              (no ring)
                                (no ring)
                                (no ring)

@: no status effects
A: almost no armour, stealthy swim, amphibious, 8 rings, constrict 8, camouflage
1, gelatinous body 1
a: no special abilities


You were on level 6 of the Dungeon.
You were not hungry.

You visited 1 branch of the dungeon, and saw 6 of its levels.
You also visited: Sewer.

You collected 223 gold pieces.

Inventory:

Hand Weapons
 g - a +1 short sword
 o - a +1 trident of freezing (weapon)
Armour
 m - a +2 hat (worn)
Jewellery
 e - a +4 ring of evasion (left tentacle)
 l - a cursed -4 ring of strength (right tentacle)
Wands
 t - a wand of enslavement (8)
Scrolls
 d - 2 scrolls of enchant weapon
 j - 2 scrolls of identify
 k - 2 scrolls of teleportation
 q - a scroll of random uselessness {unknown}
 s - a scroll of magic mapping {unknown}
 u - a scroll of fear
Potions
 a - 2 potions of might {unknown}
 c - 2 potions of curing
 f - a potion of flight {unknown}
 h - a potion of magic {unknown}
 i - 4 potions of mutation {unknown}
 n - 2 potions of haste {unknown}
 p - a potion of lignification {unknown}
 r - a potion of resistance {unknown}
Comestibles
 b - 8 rations


   Skills:
 - Level 2.0 Dodging
 - Level 2.6 Stealth
 * Level 7.4 Spellcasting
 + Level 6.8 Conjurations


You had 18 spell levels left.
You knew the following spells:

 Your Spells              Type           Power        Failure   Level  Hunger
a - Magic Dart            Conj           ####         1%          1    None
b - Searing Ray           Conj           ####..       1%          2    None

Your spell library contained the following spells:

 Spells                   Type           Power        Failure   Level  Hunger
 Dazzling Flash           Conj/Hex       ###...       7%          3    #......
 Fulminant Prism          Conj/Hex       ###.......   22%         4    ###....
 Iskenderun's Mystic Bla  Conj/Tloc      ###.....     22%         4    ###....
 Confusing Touch          Hex            #.......     26%         3    #......
 Gell's Gravitas          Tloc           #.........   26%         3    #......
 Petrify                  Tmut/Erth      #.......     65%         4    ###....
 Metabolic Englaciation   Hex/Ice        #.........   94%         5    #####..
 Yara's Violent Unravell  Hex/Tmut       #.........   94%         5    #####..


Dungeon Overview and Level Annotations

Branches:
Dungeon (6/15)              Sewer (visited)
 Temple: D:4-7

Altars:
Ashenzari
Dithmenos
Fedhas
Ru
Yredelemnul
Zin

Shops:
D:6 !

Annotations:
D:4 3 runed translucent doors, Jonnyslop's ghost, weakling TeGl; Sigmund


Innate Abilities, Weirdness & Mutations

You cannot wear most types of armour.
You are very stealthy in the water. (Stealth+)
You are amphibious.
You can wear up to eight rings at the same time.
You can use your tentacles to constrict eight enemies at once.
Your skin changes colour to match your surroundings (Stealth+).
Your rubbery body absorbs attacks. (AC +1, EV +1)


Message History

You hit the worker ant zombie. You squeeze the worker ant zombie.
You destroy the worker ant zombie!
Found a stone staircase leading down.
You open the door.
There is an open door here.
A centaur and a zombie come into view.
Found a blossoming altar of Fedhas.
The centaur wields a +0 shortbow.
The centaur shoots an arrow.
The arrow hits you!
You hear a shout!
You see here an arrow.
The hornet zombie misses you.
You barely miss the hornet zombie. Your grab misses the hornet zombie.
Your squeeze misses the hornet zombie. The hornet zombie misses you.
The hornet zombie closely misses you.
You barely miss the hornet zombie. Your grab misses the hornet zombie.
The hornet zombie hits you!
The centaur shoots an arrow.
The arrow hits you!
* * * LOW HITPOINT WARNING * * *
The hornet zombie hits you!
You die... z# .
PP .c PPPcP .# P_PP .# P... .# PPP.#

##.# ##.c.## ...#
##.....######### ..##
#........@Z....##
...####^.......(####...##
......+.........'.....>.#.
...####.........##........
..## ##........##.##.####
.## ##.....#.##.# # .#
##...##.##.##.# .# ##+#
#.......# .## #.#
####.####


You could see a centaur and a hornet zombie.

Vanquished Creatures
  Eustachio (D:5)
  Purgy (Sewer)
  An ice beast (D:5)
  An orc warrior (D:6)
  An ogre (D:4)
  A scorpion (D:5)
  A jelly (D:6)
  A bullfrog skeleton (D:4)
  A centaur skeleton (D:5)
  3 iguanas
  6 worker ants
  A killer bee zombie (D:6)
  A worker ant zombie (D:6)
  10 adders
  A river rat (D:3)
  A shadow imp (D:6)
  An adder skeleton (D:5)
  An adder zombie (D:5)
  2 worms
  A dart slug (D:1)
  7 leopard geckos
  9 orcs
  9 bats
  2 giant cockroaches
  4 goblins
  4 hobgoblins
  8 jackals (D:1)
  7 kobolds
  3 quokkas
  2 ball pythons
  3 frilled lizards
  A giant cockroach zombie (D:5)
  A leopard gecko skeleton (D:5)
  2 quokka skeletons (D:4)
  6 rats
105 creatures vanquished.

Notes
Turn   | Place    | Note
-------+----------+-------------------------------------------
     0 | D:1      | RonnieColeman the Octopode Conjurer began the quest for the
                  | Orb.
     0 | D:1      | Reached XP level 1. HP: 11/11 MP: 3/3
   254 | D:1      | Reached XP level 2. HP: 10/17 MP: 0/5
  1026 | D:1      | Reached XP level 3. HP: 21/21 MP: 5/7
  1046 | D:1      | Reached skill level 3 in Spellcasting
  1611 | D:2      | Reached XP level 4. HP: 27/27 MP: 6/9
  2443 | D:2      | Found a shadowy altar of Dithmenos.
  2444 | D:2      | Found a glowing silver altar of Zin.
  2446 | D:2      | Found a basalt altar of Yredelemnul.
  2446 | D:2      | Found a shattered altar of Ashenzari.
  2910 | D:3      | Reached skill level 4 in Spellcasting
  2910 | D:3      | Reached XP level 5. HP: 16/31 MP: 6/11
  3317 | D:3      | Found a glowing drain.
  3372 | Sewer    | Entered a sewer
  3420 | Sewer    | Noticed Purgy
  3427 | Sewer    | Learned a level 2 spell: Searing Ray
  3443 | Sewer    | Killed Purgy
  3443 | Sewer    | Reached skill level 5 in Conjurations
  3443 | Sewer    | Reached XP level 6. HP: 10/36 MP: 1/13
  4101 | D:4      | Reached skill level 5 in Spellcasting
  4635 | D:4      | Noticed Sigmund
  4677 | D:5      | Entered Level 5 of the Dungeon
  4686 | D:5      | Reached XP level 7. HP: 35/41 MP: 9/15
  5174 | D:5      | Reached skill level 6 in Spellcasting
  5261 | D:4      | Found a runed translucent gate.
  5262 | D:4      | Found a runed translucent gate.
  5262 | D:4      | Noticed Jonnyslop's ghost (weakling TeGl)
  5263 | D:4      | Found a runed translucent gate.
  5263 | D:4      | Identified the +0 leather armour "Jiesosa" {Harm Dex-2
                  | SInv}
  5639 | D:5      | Noticed Eustachio
  5646 | D:5      | Killed Eustachio
  5790 | D:5      | Reached XP level 8. HP: 45/46 MP: 18/18
  6314 | D:6      | Reached skill level 7 in Spellcasting
  6520 | D:6      | Found a sacrificial altar of Ru.
  6837 | D:6      | Found Jelomal's Distillery.
  6890 | D:6      | Found a blossoming altar of Fedhas.
  6897 | D:6      | Mangled by a hornet zombie

Illustrated notes

Levels and vault maps discovered:
D:1:      minmay_arrival_jagged, layout_basic, kennysheep_nondescript
D:2:      layout_basic, chequers_temple_overflow_statue_of_worship
D:3:      layout_basic, gup_sewer_entry_bubbles, roderic_lattice_a,
          kennysheep_generic_room_11
D:4:      layout_loops_ring, dancing_weapons_uskayaw, first_ration,
          biasface_ghost_orc_armoury, minmay_misc_feat_pillars, bloody_trog,
          uniq_sigmund
D:5:      layout_basic, serial_shops, kennysheep_mini_moat, uniq_eustachio
D:6:      layout_loops_corners, fedhas_bush_and_centaur_altar,
          nicolae_overflow_crystal_walls, minmay_temple_entry_glassed_door,
          serial_shops, nicolae_shop_crystal, nrook_uturn

Skill      XL: |  1  2  3  4  5  6  7  8 |
---------------+-------------------------+-----
Spellcasting   | 3 4 5 6 7 |  7.4
Conjurations   | 5 6 |  6.8
Dodging        | |  2.0
Stealth        | |  2.6

Action                   |  1- 3 |  4- 6 |  7- 9 || total
-------------------------+-------+-------+-------++-------
Melee: Unarmed           |     7 |       |       ||     7
       Constrict         |    12 |    17 |     9 ||    38
       Tentacles         |     7 |    11 |     6 ||    24
       Short sword       |    35 |    71 |       ||   106
       Trident           |       |    47 |    59 ||   106
 Cast: Magic Dart        |    50 |    62 |    38 ||   150
       Searing Ray       |       |     6 |    38 ||    44
  Use: Scroll            |       |     7 |     1 ||     8
       Potion            |       |       |     1 ||     1
 Stab: Sleeping          |       |     5 |       ||     5
  Eat: Chunk             |     2 |    10 |     7 ||    19
Armor: Skin              |     3 |     7 |     9 ||    19
Dodge: Dodged            |    55 |   116 |    90 ||   261
